Cogmind - Beta 15 @@@ ROGUE MODE // 2025.06.02 @ 19:23:00 Player: Zaros426 Result: Destroyed by D-53 Grenadier with Mini Grenade Launcher Performance ------------- Evolutions (0) 0 Regions Visited (2) 400 Robots Destroyed (34) 170 Value Destroyed (696) 696 Prototype IDs (3) 60 Alien Tech Used (0) 0 Bonus (0) 0 TOTAL SCORE: 1326 Bonus ------- None Cogmind --------- Core Integrity 0/250 Matter 300/300 Energy 100/100 System Corruption 1% Temperature Cool (23) Movement Treading (160) Location -10/Mines Parts ------- > --- POWER (1) -------- (None) > --- PROPULSION (2) --- Light Treads Light Treads > --- UTILITY (2) ------ Large Storage Unit > --- WEAPON (2) ------- (None) > --- INVENTORY (15) --- Ion Engine Ion Engine Light Treads Heat Sink High-capacity Battery (250) Seismic Detector Targeting Computer ECM Suite EM Pulse Gun EM Pulse Gun EM Pulse Gun Particle Gun Light Cannon Grenade Launcher Mining Laser Peak State ------------ > --- POWER ------------ Ion Engine > --- PROPULSION ------- Light Treads Light Treads > --- UTILITY ---------- Small Storage Unit Seismic Detector > --- WEAPON ----------- EM Pulse Gun EM Pulse Gun > --- INVENTORY -------- Light Treads High-capacity Battery Improved Terrain Scanner EM Pulse Gun EM Pulse Gun EM Pulse Gun EM Pulse Gun Mining Laser [Rating: 8] Favorites ----------- Power Ion Engine Engine Ion Engine Propulsion Light Treads Treads Light Treads Utility Large Storage Unit Device Seismic Detector Storage Large Storage Unit Protection Light Armor Plating Weapon EM Pulse Gun Energy Gun EM Pulse Gun Launcher Grenade Launcher Special Weapon Mining Laser Build | -11 -10 -10 ------- Run | Yrd Mat Min Slots Evolved . | . . . Power . | . . . Propulsion . | . . . Utility . | . . . Weapon . | . . . Parts Attached 20 | 7 13 . Power 2 | 1 1 . Engine 2 | 1 1 . Core . | . . . Reactor . | . . . Propulsion 4 | 2 2 . Treads 4 | 2 2 . Leg . | . . . Wheel . | . . . Hover . | . . . Flight . | . . . Utility 5 | 2 3 . Device 2 | 1 1 . Storage 2 | 1 1 . Processor . | . . . Hackware . | . . . Protection 1 | . 1 . Artifact . | . . . Weapon 9 | 2 7 . Energy Gun 7 | 2 5 . Energy Cannon . | . . . Ballistic Gun . | . . . Ballistic Cannon . | . . . Launcher 1 | . 1 . Special Weapon 1 | . 1 . Impact Weapon . | . . . Slashing Weapon . | . . . Piercing Weapon . | . . . Special Melee Weapon . | . . . Unidentified Prototypes . | . . . Parts Lost 10 | . 6 4 Power 2 | . 1 1 Propulsion 2 | . 2 . Utility 2 | . 1 1 Weapon 4 | . 2 2 Highest Loss Streak 4 | . 4 4 To Critical Strikes . | . . . Average Backups 9 | 2 9 15 Power . | . . 2 Propulsion . | . 1 1 Utility 2 | . 2 5 Weapon 4 | 1 4 7 Tool/Special . | . . . Unused Backups 15 | . 3 12 Power 3 | . 1 2 Propulsion 1 | . . 1 Utility 5 | . 1 4 Weapon 6 | . 1 5 Tool/Special . | . . . Average Slot Usage (%) 99 | . 99 99 Engine 13 | . 13 14 Treads 27 | . 27 28 Device 8 | . 9 . Storage 14 | . 14 14 Protection 5 | . 3 13 Energy Gun 27 | . 27 28 Peak Build Rating 8 | 7 8 8 Average Rating 7 | 5 7 7 On Entrance 5 | . 7 8 Naked Turns . | . . . Heaviest Build 32 | 13 32 32 Greatest Support 40 | 40 40 40 Greatest Overweight (x) . | . . . Average Overweight (x) . | . . . Largest Inventory Capacity 15 | 8 15 15 Average Capacity 12 | 7 12 15 Most Carried 15 | 3 15 15 Average Carried 9 | 2 9 15 Final Capacity 15 | 8 15 15 Final Carried 15 | 3 15 15 Class Distribution -------------------- 100% | Mutant Dominant Class ---------------- Mutant | -10/Materials Mutant | -10/Mines Resources | -11 -10 -10 ----------- Run | Yrd Mat Min Matter Collected 485 | 270 210 5 Remotely . | . . . Salvage Created 1149 | 87 962 100 Parts 68 | 9 54 5 Haulers Intercepted 1 | . 1 . Recyclers Shooed 2 | 1 1 . Parts Field Recycled . | . . . Retrieved Matter . | . . . Parts Self-Destructed . | . . . Prevented . | . . . Kills | -11 -10 -10 ------- Run | Yrd Mat Min Combat Hostiles Destroyed 20 | . 18 2 Guns 13 | . 12 1 AOE 7 | . 6 1 Classes Destroyed 9 | 1 8 . Worker 2 | . 2 . Builder 1 | . 1 . Tunneler 5 | 4 1 . Hauler 1 | . 1 . Recycler 3 | . 3 . Mechanic 1 | . 1 . Watcher 1 | . 1 . Swarmer 6 | . 6 . Grunt 14 | . 12 2 Best Kill Streak 6 | 2 6 2 Combat Bots Only 6 | . 6 2 Max Kills in Single Turn 3 | 1 3 1 Gunslinging 1 | . 1 . Exploded 1 | . 1 1 Melee . | . . . Uniques/NPCs Destroyed . | . . . Combat | -11 -10 -10 -------- Run | Yrd Mat Min Hostile Shots Fired 99 | . 81 18 Missed 21 | . 16 5 Hits 78 | . 65 13 Projectile 78 | . 65 13 AOE 9 | . . 9 Critical Strikes 1 | . 1 . Damage Taken 1126 | . 740 386 Core 260 | . 138 122 Absorbed by Shields . | . . . Core Remaining (%) 100 | 100 . . Volleys Fired 76 | 11 57 8 Largest 2 | 2 2 2 Hottest 100 | 80 100 80 Shots Fired 147 | 22 109 16 Gun 141 | 22 103 16 Cannon . | . . . Launcher 5 | . 5 . Special 1 | . 1 . Kinetic . | . . . Thermal 65 | 22 43 . Explosive 5 | . 5 . Electromagnetic 77 | . 61 16 Robot Hit Streak 8 | 5 6 8 Robot Miss Streak 5 | 3 5 1 Penetration Max . | . . . Secondary Targets 5 | . 4 1 Max Gunslinging Chain 1 | . 1 1 Shots Hit Robots 84 | 12 59 13 Core Hits 56 | 5 45 6 Critical Kills . | . . . Critical Parts Destroyed . | . . . Critical Strikes 2 | . 2 . Corrupt 2 | . 2 . Melee Attacks . | . . . Impact . | . . . Slashing . | . . . Piercing . | . . . Sneak Attacks . | . . . Combat Hostiles . | . . . Follow-up Attacks . | . . . Damage Inflicted 1679 | 126 1356 197 Guns 1001 | 126 712 163 Cannons . | . . . Explosions 678 | . 644 34 Melee . | . . . Ramming . | . . . Kinetic . | . . . Thermal 541 | 126 381 34 Explosive 514 | . 514 . Electromagnetic 624 | . 461 163 Impact . | . . . Slashing . | . . . Piercing . | . . . Highest Corruption 1 | . 1 1 Average Corruption 1 | . 1 1 Corruption Purged . | . . . Corruption Blocked . | . . . Effects 9 | . 7 2 Message Errors 2 | . 1 1 Matter Fused 4 | . 3 1 Heat Flow Errors 1 | . 1 . Data Loss (minor) 1 | . 1 . Misfires 1 | . 1 . Overload Shots . | . . . Overflow Damage . | . . . Projectiles . | . . . Explosions . | . . . Melee . | . . . Knockbacks . | . . . Impact . | . . . Kinetic . | . . . Secondary . | . . . Self-Inflicted Damage 16 | . 16 . Shots 1 | . 1 . Rammed . | . . . Targets Rammed . | . . . Kicked . | . . . Crushed . | . . . Highest Temperature 216 | 90 153 216 Average Temperature 51 | 35 46 100 Received Heat Transfer 381 | . 327 54 Siege Activations . | . . . Martial Activations . | . . . Shielding Activations . | . . . Robots Disrupted . | . . . Combat Hostiles . | . . . Robots Corrupted . | . . . Combat Hostiles . | . . . Parts Fried 2 | . 1 1 Impact Corruptions . | . . . Robots Melted . | . . . Combat Hostiles . | . . . Parts Melted 1 | . 1 . Heat Transferred 1087 | 300 787 . Parts Sabotaged . | . . . Parts Stolen . | . . . Parts Stripped . | . . . Power Chain Reactions 3 | . 2 1 Alert | -11 -10 -10 ------- Run | Yrd Mat Min Maximum Alert Level 1 | . 1 . Low Security (%) 88 | 100 84 100 Level 1 11 | . 15 . Level 2 . | . . . Level 3 . | . . . Level 4 . | . . . Level 5 . | . . . High Security . | . . . Max Security . | . . . Peak Influence 299 | 10 299 161 Initial 105 | . . 105 Average 84 | 1 97 77 Influence Increases 806 | 20 730 56 Destroy 0b10 Robot/C 400 | . 360 40 Destroy 0b10 Robot/NC 70 | 20 50 . Destroy Leader 94 | . 84 10 Successful Hack 29 | . 29 . Select Force Hacks 60 | . 60 . Disable Machine 45 | . 45 . Destroy Structure 63 | . 57 6 Lose Combat Pursuer 45 | . 45 . Influence Decreases 806 | 20 459 327 Entered New Map 166 | . . 166 Time Decay 579 | 20 399 160 Lost Part 60 | . 60 . Lost Ally 1 | . . 1 Squads Dispatched 4 | . 4 . Investigation 3 | . 3 . Extermination . | . . . Reinforcement 1 | . 1 . Assault . | . . . Garrison . | . . . Intercept . | . . . Searches Triggered . | . . . Construction Impeded . | . . . Haulers Reinforced . | . . . Active Scanning Responses . | . . . Cargo Convoy Interrupts . | . . . Stealth | -11 -10 -10 --------- Run | Yrd Mat Min Distress Signals . | . . . Communications Jammed . | . . . Distress Signals . | . . . Times Spotted 35 | . 31 4 Peak Tracking Total 7 | . 7 2 Tactical Retreats 2 | . 2 . Traps | -11 -10 -10 ------- Run | Yrd Mat Min Traps Triggered 2 | . 2 . Indirectly . | . . . Trap Hack Attempts . | . . . Triggered . | . . . Disarmed . | . . . Reprogrammed . | . . . Reused . | . . . Traps Extracted . | . . . Installed . | . . . Triggered . | . . . Machines | -11 -10 -10 ---------- Run | Yrd Mat Min Machines Disabled 4 | . 4 . Max in Single Turn 1 | . 1 . Machines Repaired . | . . . Machines Dismantled . | . . . Machines Sabotaged . | . . . Overloaded Fab Kills . | . . . Hacking | -11 -10 -10 --------- Run | Yrd Mat Min Machines Accessed 8 | . 8 . Terminals 6 | . 6 . Fabricators . | . . . Repair Stations . | . . . Recycling Units 2 | . 2 . Scanalyzers . | . . . Garrison Access . | . . . Total Hacks 31 | . 31 . Successful 16 | . 16 . Failed 14 | . 14 . Catastrophic 3 | . 3 . Database Lockouts 1 | . 1 . Manual 24 | . 24 . Terminals 28 | . 28 . Fabricators . | . . . Repair Stations . | . . . Recycling Units 3 | . 3 . Scanalyzers . | . . . Garrison Access . | . . . Terminal Hacks 6 | . 6 . Robot Schematic 1 | . 1 . Robot Analysis 2 | . 2 . Prototype ID Bank 2 | . 2 . Zone Layout 1 | . 1 . Fabricator Hacks . | . . . Repair Station Hacks . | . . . Recycling Unit Hacks . | . . . Scanalyzer . | . . . Garrison Access Hacks . | . . . Unauthorized Hacks 10 | . 10 . Terminals 8 | . 8 . Botnet 3 | . 3 . Skim 5 | . 5 . Fabricators . | . . . Repair Stations . | . . . Recycling Units 2 | . 2 . Tunnel 2 | . 2 . Scanalyzers . | . . . Garrison Access . | . . . Data Cores Recovered . | . . . Used . | . . . Hacking Detections 6 | . 6 . Full Trace Events . | . . . Feedback Events . | . . . Feedback Blocked . | . . . Robot Schematics Acquired 1 | . 1 . Robots Built . | . . . Authchips . | . . . Time . | . . . Total Robot Build Rating . | . . . Part Schematics Acquired . | . . . Parts Built . | . . . Authchips . | . . . Time . | . . . Total Part Build Rating . | . . . Parts Repaired . | . . . Time . | . . . Parts Recycled . | . . . Recycled Matter . | . . . Retrieved Matter . | . . . Retrieved Components . | . . . Parts Scanalyzed . | . . . Part Schematics Acquired . | . . . Parts Damaged . | . . . Bothacking | -11 -10 -10 ------------ Run | Yrd Mat Min Used RIF Installer . | . . . Robots Hacked . | . . . Non-combat . | . . . Combat . | . . . Robot Hacks Applied . | . . . Relay Couplers Released . | . . . Fabnet Peak Effective % . | . . . Robots Rewired . | . . . Allies Hacked . | . . . Hacks Repelled . | . . . Allies | -11 -10 -10 -------- Run | Yrd Mat Min Total Allies 3 | . . 3 Largest Group 3 | . . 3 Highest-Rated Group 40 | . . 40 Highest-Rated Ally 16 | . . 16 Total Orders . | . . . Ally Attacks 3 | . . 3 Total Damage 16 | . . 16 Kills . | . . . Allies Corrupted . | . . . Allies Melted . | . . . Intel | -11 -10 -10 ------- Run | Yrd Mat Min Active Infowar (turns) 1110 | 38 1072 . Seismic 1110 | 38 1072 . Robot Analysis Total 2 | . 2 . Derelict Logs Recovered . | . . . Drone Launches . | . . . Drone Recoveries . | . . . Exploration | -11 -10 -10 ------------- Run | Yrd Mat Min Turns Passed 2052 | 191 1518 343 Spaces Moved 1029 | 93 747 189 Core 3 | 3 . . Treads 1026 | 90 747 189 Legs . | . . . Wheels . | . . . Hover . | . . . Flight . | . . . Fastest Speed 50 | 50 160 160 Average Speed 159 | 156 160 160 Slowest Speed 160 | 160 160 160 Overloaded Moves . | . . . Propulsion Burnouts . | . . . Robots Hopped . | . . . Potential Cave-ins . | . . . Cave-ins Triggered . | . . . Exploration Rate (%) 49 | 4 99 44 Regions Visited 2 Branch Regions 1 Pre-discovered Areas 3 | . 3 . Known Exits Taken . | . . . Unknown Exits Taken 2 | 1 1 . Scrap Searched 1 | . . 1 Spaces Dug 1 | . 1 . Terrain Destroyed 67 | . 61 6 Melee . | . . . Projectile 1 | . 1 . AOE 66 | . 60 6 Terrain Rammed . | . . . Walls Destroyed . | . . . Machines Disabled . | . . . Actions | -11 -10 -10 --------- Run | Yrd Mat Min Total 1285 | 113 958 214 Wait 126 | . 109 17 Move 1027 | 92 746 189 Hop . | . . . Pick Up 25 | 3 22 . Fast Attach 8 | 7 1 . Attach 5 | . 5 . Detach . | . . . Swap 11 | . 11 . Drop 7 | . 7 . Fire 76 | 11 57 8 Melee . | . . . Ram . | . . . Kick . | . . . Crush . | . . . Escape Stasis . | . . . Rewire . | . . . Trap . | . . . Miscellaneous . | . . . Route ------- -11/Scrapyard -10/Materials (discovered 5 exits: [*Mat x3] / [*Min] / [*Sub]) -10/Mines (discovered 3 exits: [*Mat x2] / [*Sub]) History --------- Turn | Location | Event 4 | -11/Scrapyard | Discovered new exit (range 16) 192 | -11/Scrapyard | Entered Materials 307 | -10/Materials | Build established: Mutant 558 | -10/Materials | Discovered new exit (range 5) 774 | -10/Materials | Discovered new exit (range 11) 853 | -10/Materials | Discovered new exit (range 3) 1431 | -10/Materials | Central database locked down 1455 | -10/Materials | Discovered new exit (range 7) 1553 | -10/Materials | Core integrity fell below 50% 1578 | -10/Materials | Learned location of 2 exits from Subcaves 1594 | -10/Materials | Lost 4 parts (1p2n1w) 1609 | -10/Materials | Loaded intel: 6 trap records 1621 | -10/Materials | Discovered new exit (range 7) 1628 | -10/Materials | Learned location of 1 exit from Recycling 1637 | -10/Materials | Learned Materials stockpile data 1638 | -10/Materials | Learned location of Storage (-7) 1639 | -10/Materials | Learned location of 1 exit from Recycling 1649 | -10/Materials | Learned location of 1 exit from Recycling 1703 | -10/Materials | Learned Materials trap positions 1710 | -10/Materials | Entered Mines 1740 | -10/Mines | Discovered new exit (range 16) 1770 | -10/Mines | Discovered new exit (range 3) 1878 | -10/Mines | Assisted by bots powering up and referring to "LRC-V3" 2041 | -10/Mines | Assembled infested the area 2045 | -10/Mines | Discovered new exit (range 5) 2048 | -10/Mines | Core integrity fell below 20% 2053 | -10/Mines | Destroyed by D-53 Grenadier with Mini Grenade Launcher Last Messages --------------- 02043_ Found Seismic Detector. 02043_ Found Sml. Battery. 02043_ Found Sml. Laser. 02043_ Found 68 Matter. 02044_ Acquired 5 matter. 02045_ EXIT=FOUND 02045_ C-30 ARC bursts open, deploying its payload. 02045_ D-53 Grenadier unfolds itself. 02045_ Mercenary 1a destroyed. 02045_ Trooper 1a destroyed. 02045_ K-01 Serf collects debris. 02047_ K-01 Serf destroyed. 02049_ K-01 Serf collects debris. 02049_ Lgt. Armor Plating destroyed. 02049_ K-01 Serf destroyed. 02051_ EM Pulse Gun destroyed. 02051_ D-53 Grenadier destroyed. 02051_ EM Pulse Gun destroyed. 02051_ Ion Engine destroyed. 02052_ The unstable cave ceiling collapses. Map ----- +----------------------------------------------------+ | ?????????????????????????????????????????????? | | ?????????????????????????????????????????????? | | ?????????????????????????????????????????????? | | ?????????????????????????????????????????????? | | ?????????????????????????????????????????????? | | ?????????????????????????????????????????????? | | ?????????????????????????????????????????????? | | ?????????????????????????????????????????????? | | ?????????????????????????????????????????????? | | ?????????????????????????????????????????????? | | ??????????????????????? ????????????????????? | | ????????????????????? ????????????????????? | | ????????????????????? ????????????????????? | | ?????????????????????? ????????????????????? | | ?????????????????????? ##??????????????????? | | ?????????????????????? ##?????????????????? | | ?????????????????????? #?????????????????? | | ??????????????#??????? ##????????????????? | | ??????????????# ?????? #????????????????? | | ?????????????# ????? #????????????????? | | ?????????????# ????# ###??????????????? | | ?????????????# #?### ##?????????????? | | #?????????????# ## ####??????????? | | ##???????????# # ##?????????? | | ##??????##?## #?????????? | | ? ###### ### @ ! #?????????? | | ?? d < #??????????? | | ??# ## # %= ##??????????? | | ### #??????????## ##???????????? | | ##??##??????# # = k##????????????? | | ### #??????# ## u##?????????????? | | ## #??????## g ##?###??????????????? | | ### #???????###[##???????????????????? | | ###### ##?????????# #????????????????????? | | #### ##??????????# #????????????????????? | | ### #???????????# #????????????????????? | | ## #???????????# #????????????????????? | | ## #???????????# #????????????????????? | | ## #???????????# ##???????????????????? | | # ## #??????????## ##??????????????????? | | ## ## #?????????## ##?????????????????? | | "" % ## ########### #########?????????? | | " ## ##????????? | | =% ## ##???????? | | ################ """ ##??????? | | ##??????????????# """ ##?????? | | #???????????????# """ ##????? | | #???????????????# ## #????? | | ##??????????????# ###### #????? | | ###????????????????# #????## ##????? | +----------------------------------------------------+ Best States ------------- Heat Dissipation 25 Energy Generation 10 Energy Capacity 250 Matter Stores 300 Matter Capacity 300 Sight Range 16 Terrain Scan Density 10 Armor Coverage 150 Evasion (%) 40 Recoil Reduction 2 Item Schematics ----------------- None Robot Schematics ------------------ O-16 Technician | -10/Materials | Hacked Fabricated ------------ Nothing Repaired ---------- Nothing Alien Tech Used ----------------- None Achievements -------------- None Challenges ------------ None Game ------ Seed MagneticGravitonTreads Manual? 0 Play Time 00:14:56 Cumulative 280.4 hours Start 2025.06.02 @ 19:07:11 End 2025.06.02 @ 19:23:00 Sessions 1 Manual Loads 0 Difficulty Rogue Special Mode None Game No. 138 Rogue 138 Adventurer 0 Explorer 0 Win Type - Total 1 Types 0/0/0/0/1/0/0/0/0/0 Lore% 71 Gallery% 74 Achievement% 64 Wizard Run 0 Options --------- Layout 0 ASCII 0 Keyboard 0 Movement Mouse Keybinds 0 Fullscreen 1 Font 24/Smallcaps Map View 183x50 Zoom Use 0% Tactical HUD 1 Map Filters NONE Filters NONE Steam 0 RUN: 1fd9f707-ebe1-450c-8abc-9a42ffa2e5a8